 Dungeon Crawl Stone Soup version 0.23.0-3-gf3c87f2df8 (webtiles) character file.

Game seed: 16006569690043115428

64641 KamiKatze the Severer (level 14, -5/132 HPs)
             Began as a Minotaur Berserker on Feb 22, 2019.
             Was the Champion of Trog.
             Killed from afar by an eidolon (33 damage)
             ... with a bolt of negative energy
             ... on level 14 of the Dungeon on Feb 23, 2019.
             The game lasted 01:07:45 (18387 turns).

KamiKatze the Severer (Minotaur Berserker)         Turns: 18387, Time: 01:07:50

Health: -5/132     AC: 25    Str: 30    XL:     14   Next: 72%
Magic:  14/14      EV: 12    Int:  4    God:    Trog [******]
Gold:   1583       SH:  0    Dex: 11    Spells: 13/13 levels left

rFire    . . .     SeeInvis .   a - +5 battleaxe (vamp)
rCold    . . .     Gourm    .   (shield currently unavailable)
rNeg     . . .     Faith    .   v - +1 plate armour
rPois    .         Spirit   .   m - +2 hat
rElec    .         Reflect  .   j - +2 cloak
rCorr    +         Harm     .   e - +0 pair of gloves
MR       +++..                  (no boots)
Stlth    ..........             S - amulet of regeneration
HPRegen  1.72/turn              f - ring of resist corrosion
MPRegen  0.14/turn              b - ring "Penkic" {AC+3 Str+4}

@: afraid, regenerating, very heavily drained
A: retaliatory headbutt, horns 2
a: Berserk, Trog's Hand, Brothers in Arms, Renounce Religion


You were on level 14 of the Dungeon.
You worshipped Trog.
Trog was exalted by your worship.
You were hungry.

You visited 4 branches of the dungeon, and saw 22 of its levels.

You collected 2106 gold pieces.
You spent 523 gold pieces at shops.

Inventory:

Hand Weapons
 a - a +5 vampiric battleaxe (weapon)
 w - a +0 falchion of flaming
 G - a +7 antimagic executioner's axe
 L - a +3 broad axe of electrocution
 P - a +3 antimagic battleaxe
 U - a +5 battleaxe of freezing
 Y - a +1 battleaxe of electrocution
Missiles
 C - 4 javelins of penetration
 R - 4 steel tomahawks (quivered)
 V - 14 throwing nets
Armour
 e - a +0 pair of gloves (worn)
 j - a +2 cloak (worn)
 m - a +2 hat (worn)
 v - a +1 plate armour (worn)
 Z - +0 acid dragon scales
Jewellery
 b - the ring "Penkic" (right hand) {AC+3 Str+4}
   (You bought it in a shop on level 2 of the Orcish Mines)

   [ring of protection]

   It affects your AC (+3).
   It affects your strength (+4).
 d - an uncursed ring of positive energy
 f - a ring of resist corrosion (left hand)
 g - an uncursed ring of positive energy
 o - an uncursed ring of protection from cold
 F - a +3 ring of intelligence
 S - an amulet of regeneration (around neck)
Wands
 r - a wand of flame (10)
 x - a wand of acid (7)
 A - a wand of iceblast (14)
 I - a wand of disintegration (24)
 M - a wand of polymorph (22)
 N - a wand of random effects (23)
 W - a wand of enslavement (11)
Scrolls
 i - 9 scrolls of teleportation
 n - 6 scrolls of remove curse
 q - a scroll of fog
 s - 4 scrolls of fear
 t - 2 scrolls of holy word
 y - 2 scrolls of enchant armour
 D - 2 scrolls of magic mapping
Potions
 h - 2 potions of cancellation
 l - 11 potions of curing
 p - 2 potions of agility
 u - 7 potions of lignification
 z - 3 potions of flight {unknown}
 B - 2 potions of might {unknown}
 E - a potion of invisibility {unknown}
 H - 5 potions of heal wounds
 J - 4 potions of ambrosia
 K - 2 potions of resistance
 O - 5 potions of haste
 T - 2 potions of brilliance {unknown}
 X - 2 potions of degeneration {unknown}
Comestibles
 c - 37 rations
 k - 8 chunks of flesh


   Skills:
 + Level 14.0(9.9) Fighting
 * Level 18.7(14.2) Axes
 + Level 13.8(9.8) Armour
 + Level 12.9(8.9) Dodging
 - Level 2.0(0.0) Evocations


You had 13 spell levels left.
You didn't know any spells.
Your spell library was empty.

Dungeon Overview and Level Annotations

Branches:
Dungeon (14/15)            Temple (1/1) D:5            Lair (5/6) D:8
 Shoals (0/4) Lair:4       Spider (0/4) Lair:4          Orc (2/2) D:11
    Elf (0/3) Orc:2
  Slime: Lair:5-6    Vaults: D:13-14

Altars:
Ashenzari
Cheibriados
Dithmenos
Elyvilon
Fedhas
Gozag
Hepliaklqana
Kikubaaqudgha
Makhleb
Nemelex Xobeh
Okawaru
Qazlal
Ru
Sif Muna
Trog
Uskayaw
Vehumet
Wu Jian
Xom
Yredelemnul
Zin
The Shining One
Jiyva

Shops:
D:9 *   Orc:1 %   Orc:2 }([=*!*[*

Annotations:
Lair:3 3 runed translucent doors, Deed's ghost, journeyman MiFi


Innate Abilities, Weirdness & Mutations

You reflexively headbutt those who attack you in melee.
You have a pair of horns on your head.


Message History

Okay, then.
Unknown command.
The eidolon stares piercingly at you.
The bolt of negative energy hits the eidolon.
The eidolon completely resists.
The bolt of negative energy hits you but does no damage.
You feel drained.
The eidolon gestures.
The eidolon radiates an aura of fear!
You resist with some effort.
An eidolon comes into view.
The eidolon gestures.
The eidolon radiates an aura of fear!
The eidolon stares piercingly at you. The bolt of negative energy hits you!!
You feel drained.
* * * LOW HITPOINT WARNING * * *
The eidolon stares piercingly at you.
The bolt of negative energy hits the eidolon.
The eidolon completely resists.
The bolt of negative energy hits you!!
You feel drained.
You die...

#.# #....#
...##.......###>###)...##
....>.......##.#..[....#
#.................))...#
####.................))..^#
.....>..........###...###.##
.................##..)# #..#
..............#.......####..
.......).W.@<...............
.##########.W.....#..#...######
......†)W.{W..........##.#
......)Z.Z.Z..........##.######
#####.[######.....#.#.#........
#.. #....##............ #..
#...#####..........


VZW ##### #.......... ##.W #.......... You could see 4 eidola, 2 centaur warrior
zombies and a centaur warrior skeleton.

Vanquished Creatures
  Frances (D:12)
  Nessos (D:13)
  An eidolon (D:14)
  Harold (D:9)
  8 hydras
  A death knight (D:13)
  3 two-headed ogres
  A vampire mage (D:14)
  An orc high priest (Orc:2)
  2 skeletal warriors (D:14)
  Pikel (D:5)
  A deep elf mage (D:13)
  8 ugly things
  2 orc knights
  4 orc sorcerers (Orc:2)
  2 cyclopes (D:12)
  3 manticores
  An elephant (D:8)
  3 black mambas
  Joseph (D:7)
  A rime drake (Lair:3)
  8 spiny frogs
  3 komodo dragons
  A kobold demonologist (D:14)
  6 trolls
  6 polar bears
  Prince Ribbit (D:7)
  12 blink frogs
  2 dream sheep (D:9)
  9 hippogriffs
  Sigmund (D:2)
  A shadow (D:11)
  A meliai zombie (D:14)
  3 flying skulls (D:14)
  3 redbacks (Lair:4)
  50 yaks
  4 basilisks
  A fire elemental (Lair:4)
  A wyvern (Lair:4)
  6 hungry ghosts
  Grum (D:11)
  Edmund (D:4)
  Menkaure (D:7)
  8 water moccasins
  2 acid dragons
  3 wargs
  4 porcupines
  22 orc warriors
  5 sky beasts
  2 hornet zombies
  6 ice beasts
  9 black bears
  A necrophage (D:11)
  A phantom (D:13)
  3 eyes of draining
  11 ogres
  33 wolves
  8 crocodiles
  7 centaurs
  4 big kobolds (D:9)
  Blork the orc (D:5)
  2 gnoll sergeants (D:10)
  14 bullfrogs
  2 wyvern skeletons
  2 scorpions
  A killer bee (D:10)
  5 wights (D:12)
  3 howler monkeys
  2 electric eels
  5 crimson imps
  4 centaur zombies
  2 bullfrog zombies
  A lava snake (Lair:4)
  11 centaur skeletons
  3 gnoll shamans (D:10)
  15 hounds
  20 orc priests
  5 jellies
  43 orc wizards
  An iguana (D:10)
  Crazy Yiuf (D:5)
  3 bullfrog skeletons
  Terence (D:2)
  10 worker ants
  2 hound skeletons (D:8)
  2 worker ant zombies
  8 adders
  29 gnolls
  2 shadow imps
  An ooze (D:1)
  A dart slug (D:4)
  3 leopard geckos
  77 orcs
  5 giant cockroaches
  17 goblins
  3 hobgoblins
  12 jackals
  11 kobolds
  2 quokkas
  A ball python (D:2)
  6 bats
  9 frilled lizards
  2 quokka skeletons
  A quokka zombie (D:8)
  6 rats
  2 fungi (Lair:4)
  A plant (Lair:3)
658 creatures vanquished.

Vanquished Creatures (others)
  2 slaves (D:5)
  An orc wizard (Orc:2)
  A hound zombie (D:5)
  A worm (D:5)
  2 fungi
  A plant (Lair:4)
8 creatures vanquished.

Grand Total: 666 creatures vanquished

Notes
Turn   | Place    | Note
-------+----------+-------------------------------------------
     0 | D:1      | KamiKatze the Minotaur Berserker began the quest for the
                  | Orb.
     0 | D:1      | Reached XP level 1. HP: 19/19 MP: 0/0
    30 | D:1      | Reached skill level 4 in Axes
    30 | D:1      | Reached XP level 2. HP: 25/27 MP: 1/1
   494 | D:1      | Reached XP level 3. HP: 29/33 MP: 2/2
   498 | D:1      | Reached ** piety under Trog
   752 | D:2      | Found an ancient bone altar of Kikubaaqudgha.
   762 | D:2      | Noticed Terence
   768 | D:2      | Killed Terence
  1119 | D:2      | Reached XP level 4. HP: 40/40 MP: 3/3
  1169 | D:2      | Noticed Sigmund
  1181 | D:2      | Killed Sigmund
  1181 | D:2      | Reached skill level 5 in Axes
  1181 | D:2      | Reached XP level 5. HP: 45/47 MP: 4/4
  1719 | D:3      | Reached XP level 6. HP: 53/55 MP: 5/5
  1745 | D:3      | Reached skill level 6 in Axes
  2300 | D:4      | Reached skill level 5 in Fighting
  2560 | D:4      | Noticed Edmund
  2574 | D:4      | Killed Edmund
  2574 | D:4      | Reached XP level 7. HP: 61/61 MP: 6/6
  2584 | D:4      | Reached *** piety under Trog
  2630 | D:4      | Found a hazy altar of Hepliaklqana.
  2680 | D:4      | Reached skill level 7 in Axes
  2774 | D:4      | Reached skill level 5 in Armour
  2778 | D:4      | Received a gift from Trog
  3156 | D:5      | Entered Level 5 of the Dungeon
  3156 | D:5      | Found a shadowy altar of Dithmenos.
  3225 | D:5      | Found a staircase to the Ecumenical Temple.
  3234 | Temple   | Entered the Ecumenical Temple
  3396 | D:5      | Noticed Pikel
  3438 | D:5      | Found a runed translucent door.
  3441 | D:5      | Noticed Crazy Yiuf
  3508 | D:5      | Killed Pikel
  3508 | D:5      | Reached skill level 8 in Axes
  3508 | D:5      | Reached skill level 5 in Dodging
  3508 | D:5      | Reached XP level 8. HP: 71/71 MP: 7/7
  3569 | D:5      | Killed Crazy Yiuf
  3590 | D:5      | Got a jewelled mace
  3591 | D:5      | Identified the +9 mace "Guwewkoi" {pain, *Corrode rPois
                  | Int+3} (You found it on level 5 of the Dungeon)
  3676 | D:5      | Found a stormy altar of Qazlal.
  3705 | D:5      | Found a sacrificial altar of Ru.
  3707 | D:5      | Noticed Blork the orc
  3714 | D:5      | Killed Blork the orc
  3760 | D:5      | Reached skill level 9 in Axes
  4505 | D:7      | Reached XP level 9. HP: 79/79 MP: 8/8
  4514 | D:7      | Noticed Joseph
  4556 | D:6      | Reached skill level 1 in Evocations
  4587 | D:7      | Killed Joseph
  4587 | D:7      | Reached skill level 10 in Axes
  4932 | D:7      | Found a bloodstained altar of Trog.
  5173 | D:7      | Noticed Prince Ribbit
  5186 | D:7      | Killed Prince Ribbit
  5259 | D:7      | Noticed Menkaure
  5266 | D:7      | Killed Menkaure
  5434 | D:7      | Reached skill level 11 in Axes
  5490 | D:8      | Reached **** piety under Trog
  5584 | D:8      | Reached XP level 10. HP: 65/90 MP: 10/10
  5693 | D:8      | Found a sparkling altar of Nemelex Xobeh.
  5780 | D:8      | Found a staircase to the Lair.
  5780 | D:8      | Noticed an elephant
  5806 | D:8      | Killed an elephant
  6069 | D:8      | Reached skill level 12 in Axes
  6399 | D:8      | Found a shimmering altar of Xom.
  6451 | D:9      | Reached ***** piety under Trog
  6510 | D:9      | Noticed Harold
  6524 | D:9      | Killed Harold
  6861 | D:9      | Reached XP level 11. HP: 71/99 MP: 11/11
  6952 | D:9      | Noticed a two-headed hydra
  6958 | D:9      | Killed a one-headed hydra
  6958 | D:9      | Reached skill level 13 in Axes
  7069 | D:9      | Found Fyud's Mayhem Merchandise.
  7075 | D:9      | Noticed a two-headed ogre
  7083 | D:9      | Killed a two-headed ogre
  7083 | D:9      | Reached skill level 10 in Fighting
  7091 | D:9      | Bought a +2 vampiric battleaxe for 378 gold pieces
  7561 | Lair:1   | Entered Level 1 of the Lair of Beasts
  7654 | Lair:1   | Received a gift from Trog
  7734 | Lair:1   | Found an ancient bone altar of Kikubaaqudgha.
  7782 | Lair:1   | Reached skill level 10 in Armour
  7899 | Lair:1   | Reached skill level 14 in Axes
  8167 | Lair:1   | Reached XP level 12. HP: 89/110 MP: 12/12
  8332 | Lair:1   | Reached skill level 10 in Dodging
  8792 | Lair:2   | Reached skill level 15 in Axes
  8881 | Lair:2   | Noticed a six-headed hydra
  8893 | Lair:2   | Killed a two-headed hydra
 10045 | Lair:3   | Noticed a seven-headed hydra
 10160 | Lair:3   | Killed a three-headed hydra
 10233 | Lair:3   | Found a runed translucent gate.
 10233 | Lair:3   | Found a runed translucent gate.
 10233 | Lair:3   | Found a runed translucent gate.
 10238 | Lair:3   | Noticed Deed's ghost (journeyman MiFi)
 10270 | Lair:3   | Found a viscous altar of Jiyva.
 10389 | Lair:3   | Noticed a six-headed hydra
 10405 | Lair:3   | Killed a four-headed hydra
 10748 | Lair:3   | Reached skill level 16 in Axes
 11146 | Lair:4   | Found a hole to the Spider Nest.
 11207 | Lair:4   | Noticed a five-headed hydra
 11502 | Lair:4   | Reached XP level 13. HP: 118/118 MP: 13/13
 11877 | Lair:4   | Found a staircase to the Shoals.
 11883 | Lair:4   | Received a gift from Trog
 12984 | Lair:5   | Received a gift from Trog
 13632 | Lair:1   | Identified a scroll of acquirement
 13633 | Lair:1   | Got a fine hat
 13644 | Lair:1   | Identified the +0 hat "Ephiad" {rF+ rN+ MR- Int+3} (You
                  | acquired it on level 1 of the Lair of Beasts)
 13692 | D:10     | Entered Level 10 of the Dungeon
 13791 | D:10     | Reached ****** piety under Trog
 14531 | D:11     | Reached skill level 17 in Axes
 14593 | D:11     | Noticed Grum
 14598 | D:11     | Received a gift from Trog
 14602 | D:11     | Killed Grum
 14671 | D:11     | Found a staircase to the Orcish Mines.
 15096 | Orc:1    | Entered Level 1 of the Orcish Mines
 15124 | Orc:1    | Found a bloodstained altar of Trog.
 15294 | Orc:2    | Entered Level 2 of the Orcish Mines
 15352 | Orc:2    | Found a staircase to the Elven Halls.
 15429 | Orc:2    | Found Saic's Assorted Antiques.
 15511 | Orc:2    | Found Fiolap's Antique Armour Shoppe.
 15512 | Orc:2    | Found Cohima's Distillery.
 15665 | Orc:1    | Received a gift from Trog
 15724 | Orc:1    | Found Oshuxucy's Food Emporium.
 16313 | Orc:2    | Reached XP level 14. HP: 122/129 MP: 14/14
 16495 | Orc:2    | Found Gottikhe's Assorted Antiques.
 16497 | Orc:2    | Found Xigezov's General Store.
 16508 | Orc:2    | Received a gift from Trog
 16638 | Orc:2    | Found Jauc's Jewellery Shop.
 16638 | Orc:2    | Found Citeilearr's Armour Shop.
 16639 | Orc:2    | Found Ugegag's Gadget Boutique.
 16642 | Orc:2    | Found Odghou's Antique Weapon Boutique.
 16808 | Orc:2    | Bought a sparkling granite ring for 145 gold pieces
 16812 | Orc:2    | Identified the ring "Penkic" {AC+3 Str+4} (You bought it in
                  | a shop on level 2 of the Orcish Mines)
 16937 | D:12     | Noticed Frances
 16959 | D:12     | Killed Frances
 17732 | D:13     | Reached skill level 18 in Axes
 17759 | D:13     | Noticed Nessos
 17778 | D:13     | Killed Nessos
 18149 | D:13     | Received a gift from Trog
 18387 | D:14     | Killed from afar by an eidolon

Skill      XL: |  1  2  3  4  5  6  7  8  9 10 11 12 13 14 |
---------------+-------------------------------------------+-----
Axes           | 4 5 6 8 9 11 12 14 16 17 18 | 18.7
Armour         | 3 4 5 6 8 9 10 11 13 | 13.8
Fighting       | 4 5 6 7 8 9 11 12 13 14 | 14.0
Dodging        | 3 4 5 6 7 8 9 11 12 | 12.9
Evocations     | 2 |  2.0

Action                   |  1- 3 |  4- 6 |  7- 9 | 10-12 | 13-15 || total
-------------------------+-------+-------+-------+-------+-------++-------
Melee: Hand axe          |    89 |   101 |   170 |       |       ||   360
       Headbutt          |    12 |    19 |    63 |    90 |   147 ||   331
       War axe           |       |       |   100 |   239 |       ||   339
       Battleaxe         |       |       |       |   225 |   665 ||   890
       Falchion          |       |       |       |    30 |    20 ||    50
Throw: Tomahawk          |       |       |       |     6 |     5 ||    11
Invok: Berserk           |     1 |     2 |     6 |     6 |     4 ||    19
       Trog's Hand       |       |     2 |     2 |     2 |     2 ||     8
Evoke: Wand              |       |       |       |     2 |     1 ||     3
  Use: Scroll            |       |     1 |     7 |     7 |    14 ||    29
  Eat: Chunk             |     1 |     7 |    15 |    21 |    19 ||    63
       Ration            |       |       |     1 |     4 |     5 ||    10
Armor: Animal skin       |     9 |       |       |       |       ||     9
       Scale mail        |     9 |    38 |     5 |       |       ||    52
       Chain mail        |       |       |   100 |   331 |    85 ||   516
       Plate armour      |       |       |       |       |   321 ||   321
Dodge: Dodged            |    59 |    44 |   139 |   395 |   453 ||  1090
